General information
- name: BNet
- type: Ladder 1vs1/FFA
- host: Battle.net
- saver: LW-Stupidus
map: SecretValley
- players: 2
- length: 19:39
- speed: Fast
- version: 1.23 W3XP
- replay type: Public
» download(69 KB)
Players
team 1 (winner)
LW-Stupidus (
green | 78 APM | 1542 actions | 19:39)
3 Demon Hunter
1 Mana Burn
2 Evasion
3 Beastmaster
1 Summon Quilbeast
2 Summon Hawk
» actions
| Assign group hotkey | 62 | |
| Basic commands | 129 | |
| Build / train | 64 | |
| ESC pressed | 1 | |
| Enter build submenu | 18 | |
| Enter hero's abilities submenu | 6 | |
| Give item / drop item | 1 | |
| Remove unit from queue | 1 | |
| Right click | 713 | |
| Select / deselect | 232 | |
| Select group hotkey | 211 | |
| Use ability | 104 | |
1542 total
» units
| Wisp | 22 | |
| Archer | 1 | |
| Druid of the Talon | 7 | |
| Chimaera | 6 | |
| Hippogryph | 3 | |
39 total
» upgrades
| Druid of the Talon Training | 2 | |
| Corrosive Breath | 1 | |
3 total
» buildings
| Altar of Elders | 1 | |
| Ancient of War | 1 | |
| Moon Well | 6 | |
| Tree of Ages | 1 | |
| Ancient of Wonders | 1 | |
| Ancient of Wind | 2 | |
| Tree of Eternity | 1 | |
| Tree of Life | 3 | |
| Chimaera Roost | 3 | |
19 total
» build order
00:14 Altar of Elders
00:17 Ancient of War
00:25 Moon Well
01:46 Moon Well
02:38 Tree of Ages
03:41 Moon Well
03:45 Ancient of Wonders
05:01 Ancient of Wind
05:08 Ancient of Wind
05:10 Tree of Eternity
07:54 Moon Well
08:47 Tree of Life
11:18 Chimaera Roost
11:28 Chimaera Roost
12:00 Chimaera Roost
12:43 Moon Well
15:10 Tree of Life
15:42 Moon Well
18:12 Tree of Life
» items
| Boots of Speed | 1 | |
| Staff of Teleportation | 1 | |
| Staff of Preservation | 1 | |
| Scroll of Town Portal | 3 | |
| Potion of Healing | 1 | |
7 total
team 2 (loser)
Shostakovich- (
red | 116 APM | 2274 actions | 19:34)
4 Blademaster
2 Wind Walk
2 Critical Strike
3 Shadow Hunter
1 Hex
2 Healing Wave
» actions
| Assign group hotkey | 30 | |
| Basic commands | 7 | |
| Build / train | 62 | |
| Enter build submenu | 23 | |
| Enter hero's abilities submenu | 7 | |
| Give item / drop item | 9 | |
| Remove unit from queue | 1 | |
| Right click | 1094 | |
| Select / deselect | 258 | |
| Select group hotkey | 668 | |
| Use ability | 115 | |
2274 total
» units
| Peon | 9 | |
| Grunt | 7 | |
| Raider | 8 | |
| Spirit Walker | 3 | |
| Troll Batrider | 2 | |
| Wind Rider | 3 | |
32 total
» upgrades
| Berserker Strength | 1 | |
| Ensnare | 1 | |
| Spirit Walker Training | 1 | |
| Armor | 1 | |
4 total
» buildings
| Altar of Storms | 1 | |
| Orc Burrow | 12 | |
| Barracks | 1 | |
| Voodoo Lounge | 2 | |
| Stronghold | 1 | |
| Beastiary | 1 | |
| Spirit Lodge | 1 | |
| War Mill | 1 | |
| Fortress | 2 | |
| Great Hall | 1 | |
| Watch Tower | 1 | |
24 total
» build order
00:03 Altar of Storms
00:21 Orc Burrow
00:36 Barracks
01:32 Orc Burrow
02:01 Voodoo Lounge
03:16 Stronghold
04:04 Orc Burrow
05:09 Orc Burrow
05:38 Beastiary
06:33 Spirit Lodge
07:06 War Mill
08:31 Orc Burrow
08:35 Orc Burrow
09:53 Orc Burrow
11:44 Orc Burrow
11:46 Orc Burrow
11:49 Orc Burrow
13:42 Orc Burrow
15:13 Orc Burrow
15:47 Fortress
15:48 Fortress
15:59 Great Hall
18:13 Voodoo Lounge
18:45 Watch Tower
» items
| Circlet of Nobility | 1 | |
| Boots of Speed | 1 | |
| Dust of Appearance | 1 | |
| Healing Salve | 2 | |
| Lesser Clarity Potion | 1 | |
| Scroll of Speed | 2 | |
| Potion of Lesser Invulnerability | 1 | |
| Scroll of Town Portal | 2 | |
11 total
Chat log
(18:59 / All) LW-Stupidus: gg lol
(19:08 / All) Shostakovich-: when did you get your expo
(19:12 / All) LW-Stupidus: uh
(19:15 / All) LW-Stupidus: when i hit t2
(19:18 / All) LW-Stupidus: i got 4 dotts and crept
(19:23 / All) Shostakovich-: wow that's gay
(19:26 / All) LW-Stupidus: ye
(19:29 / All) Shostakovich-: that's really gay